 Dungeon Crawl Stone Soup version 0.29-a0-330-g52719c12eb (webtiles) character file.

Game seed: 7017032584578770605

85 night the Shooter (level 4, -3/27 HPs)
             Began as a Tengu Hunter on Apr 30, 2022.
             Splashed by a jelly's acid (9 damage)
             ... on level 2 of the Dungeon.
             The game lasted 00:02:30 (1538 turns).

night the Shooter (Tengu Hunter)                    Turns: 1538, Time: 00:02:30

Health: -3/27      AC: -5    Str: 12    XL:     4   Next: 48%
Magic:  5/5        EV: 12    Int:  9    God:
Gold:   78         SH:  0    Dex: 19    Spells: 3/3 levels left

rFire   . . .      SeeInvis .   a - +1 shortbow
rCold   . . .      Faith    .   (shield currently unavailable)
rNeg    . . .      Spirit   .   k - +0 leather armour
rPois   .          Reflect  .   (helmet restricted)
rElec   .          Harm     .   (no cloak)
rCorr   .          Rampage  .   (no gloves)
Will    .....                   (boots unavailable)
Stlth   ++........              (no amulet)
HPRegen 0.09/turn               (no ring)
MPRegen 0.09/turn               (no ring)

@: corroded
A: beak, talons 3
a: no special abilities


You were on level 2 of the Dungeon.
You visited 1 branch of the dungeon, and saw 2 of its levels.

You collected 78 gold pieces.

Inventory:

Hand Weapons
 a - a +1 shortbow (weapon)
 b - a +2 dagger of protection
 f - a +0 dagger
Missiles
 d - 3 datura-tipped darts
 g - 13 stones
Armour
 k - a +0 leather armour (worn)
Jewellery
 i - an amulet of magic regeneration
Scrolls
 c - a scroll of immolation
 e - 2 scrolls of identify {unknown}
 j - a scroll of noise {unknown}
Potions
 h - a potion of curing {unknown}


   Skills:
 + Level 2.8 Fighting
 + Level 2.0 Long Blades
 * Level 5.4 Bows
 - Level 2.1 Dodging
 - Level 1.0 Stealth


You had 3 spell levels left.
You didn't know any spells.
Your spell library was empty.

Dungeon Overview and Level Annotations

Branches:
Dungeon (2/15)

Altars:


Innate Abilities, Weirdness & Mutations

You have a beak for a mouth.
You have claws for feet.


Message History

You start resting.
You hear a distant slurping noise.
HP restored.
There is a stone staircase leading down here.
Things that are here:
a +0 club; a goblin skeleton An endoplasm and an orc come into view.
The orc shouts!
The endoplasm quivers.
You hear a shout!
You shoot an arrow. The arrow hits the orc.
The orc is almost dead.
A quokka comes into view.
You shoot an arrow. The arrow hits the jelly.
The jelly is lightly wounded.
A goblin comes into view. It is wielding a +0 dagger of venom.
You shoot an arrow. The arrow barely misses the orc.
You shoot an arrow. The arrow barely misses the orc.
The arrow hits the endoplasm.
The endoplasm is lightly wounded.
The orc hits you but does no damage.
You shoot an arrow. The arrow hits the orc.
You kill the orc!
A ball python comes into view.
Your Long Blades skill increases to level 2!
You shoot an arrow. The ball python hisses angrily.
The arrow hits the jelly.
The jelly is lightly wounded.
The jelly hits you. The acid corrodes you!
You are splashed with acid.
You shoot an arrow. The arrow hits the jelly.
The jelly is moderately wounded.
The jelly hits you.
You are splashed with acid!
* * * LOW HITPOINT WARNING * * *
You are too injured to fight recklessly!
You aren't carrying any items that you can evoke.
The jelly hits you.
* * * LOW HITPOINT WARNING * * *
The acid corrodes you!
You are splashed with acid!
You die...

#.# #...# #...# #.#
#...########...## #.#
#................
#.#####............##..
##..#.......#+##....##..
#.).#..######.########<.
#.#...>.................
#.######################
#......@......#
###.####J####.#
#.#..#r#.⌠# #.#...S...#
#.#.##.####.#
#.....gJ....#
#.#g##.####.# #.#..#)#
#.#.......#


You could see a jelly, an endoplasm, a quokka, a goblin and a ball python.

Vanquished Creatures
  A jelly (D:2)
  2 dart slugs
  An orc (D:2)
  A bat (D:2)
  5 endoplasms
  6 goblins
  7 hobgoblins
  2 ball pythons
  2 kobolds (D:1)
  2 rats
29 creatures vanquished.

Vanquished Creatures (others)
  3 demonic plants (D:2)
3 creatures vanquished.

Grand Total: 32 creatures vanquished

Notes
Turn   | Place    | Note
-------+----------+-------------------------------------------
     0 | D:1      | night the Tengu Hunter began the quest for the Orb.
     0 | D:1      | Reached XP level 1. HP: 12/12 MP: 2/2
   148 | D:1      | Reached XP level 2. HP: 17/17 MP: 3/3
   444 | D:1      | Reached skill level 1 in Long Blades
   812 | D:1      | Reached XP level 3. HP: 22/22 MP: 4/4
   924 | D:2      | Found a faded altar of an unknown god.
   950 | D:2      | Reached skill level 5 in Bows
  1233 | D:2      | HP: 2/22 [acid (3)]
  1235 | D:2      | Reached XP level 4. HP: 2/27 MP: 5/5
  1530 | D:2      | Reached skill level 2 in Long Blades
  1538 | D:2      | Splashed by a jelly's acid

Illustrated notes

Levels and vault maps discovered:
D:1:      lemuel_arrival_broad_hall, layout_basic
D:2:      minmay_door_path, layout_basic, shapermc_ecumenical_altar_gd,
          serial_co_window_serial, co_window_cross_1, co_window_cross_1,
          co_window_paths_b, co_window_corner_a, co_window_paths_a,
          co_window_corner_a, co_window_paths_b, co_window_broadway_a,
          co_window_cross_2, co_window_unsneaky_path_e, co_window_corner_b,
          glass_columns_a, glass_columns_a, glass_columns_b

Skill      XL: |  1  2  3  4 |
---------------+-------------+-----
Long Blades    | 1 2 |  2.0
Bows           | 5 |  5.4
Fighting       | |  2.8
Dodging        | |  2.1
Stealth        | |  1.0

Action                   |  1- 3 |  4- 6 || total
-------------------------+-------+-------++-------
Melee: Dagger            |     5 |       ||     5
       Kick              |     4 |       ||     4
       Peck              |     3 |       ||     3
 Fire: Shortbow          |    65 |     7 ||    72
Armor: Leather armour    |     6 |     1 ||     7
Dodge: Dodged            |    22 |       ||    22

Table legend: (Time is in decaauts)
 A = Elapsed time spent in this place.
 B = Non-inter-level travel time spent in this place.
 C = Inter-level travel time spent in this place.
 D = Time resting spent in this place.
 E = Time spent auto-exploring this place.
 F = Levels seen in this place.
 G = Mean time per level.
                   A        B        C        D        E       F      G
               +--------+--------+--------+--------+--------+-----+--------+
         Total |   1559 |   1513 |     46 |    242 |   1076 |   2 |  779.5 |
       Dungeon |   1559 |   1513 |     46 |    242 |   1076 |   2 |  779.5 |
               +--------+--------+--------+--------+--------+-----+--------+

Top non-repeatable levels by time:
     D:1: 899 daAuts
     D:2: 659 daAuts
